 Dungeon Crawl Stone Soup version 0.30-a0-1112-gfb780f5df6 (webtiles) character file.

Game seed: 12878888836521557544

5566 BubbleThief the Basher (level 10, -8/102 HPs)
             Began as a Naga Cinder Acolyte on Apr 19, 2023.
             Was an Elder of Ignis.
             Mangled by a skeletal warrior
             ... wielding a +1 war axe of flaming
              (25 damage)
             ... on level 11 of the Dungeon on Apr 20, 2023.
             The game lasted 00:18:00 (8718 turns).

BubbleThief the Basher (Naga Cinder Acolyte)        Turns: 8718, Time: 00:18:01

Health: -8/102     AC: 14    Str: 20    XL:     10   Next: 72%
Magic:  19/19      EV: 14    Int: 19    God:    Ignis [****..]
Gold:   430        SH:  0    Dex:  7    Spells: 19/21 levels left

rFire   + + .      SeeInvis +    D - +1 dire flail (venom)
rCold   . . .      Faith    .    (shield currently unavailable)
rNeg    + . .      Spirit   .    i - +1 robe "Juruefuf" {rF+ Will+ Str+4}
rPois   +          Reflect  .    (no helmet)
rElec   .          Rampage  .    C - +1 cloak
rCorr   .                        (no gloves)
Will    ++...                    (no barding)
Stlth   +                        p - amulet of regeneration
HPRegen 1.17/turn                n - +5 ring of evasion
MPRegen 0.16/turn                w - ring of positive energy

@: fiery-armoured, very slow
A: AC +3, large, see invisible, deformed body, poison resistance, slowness 2,
spit poison 1, naga tail 1
a: Spit Poison, Renounce Religion, Fiery Armour, Foxfire Swarm, Rising Flame


You were on level 11 of the Dungeon.
You worshipped Ignis.
Ignis was greatly pleased with you.
You visited 1 branch of the dungeon, and saw 10 of its levels.

You collected 625 gold pieces.
You spent 195 gold pieces at shops.

Inventory:

Hand Weapons
 a - a -1 mace of flaming
 D - a +1 dire flail of venom (weapon)
Missiles
 b - 4 curare-tipped darts (quivered)
Armour
 i - the +1 robe "Juruefuf" (worn) {rF+ Will+ Str+4}
   (You found it on level 2 of the Dungeon)

   Str:       It affects your strength (+4).
   rF:        It protects you from fire.
   Will:      It increases your willpower.
 C - a +1 cloak (worn)
Jewellery
 n - a +5 ring of evasion (left hand)
 p - an amulet of regeneration (around neck)
 w - a ring of positive energy (right hand)
 x - a ring of wizardry
 G - an amulet of the acrobat
Scrolls
 d - a scroll of teleportation
 f - a scroll of fear
 g - 3 scrolls of amnesia
 h - 2 scrolls of identify
 k - a scroll of enchant armour
 u - a scroll of vulnerability
 y - a scroll of torment
 E - a scroll of brand weapon {unknown}
Potions
 e - a potion of cancellation
 j - 5 potions of mutation
 l - a potion of attraction
 q - 2 potions of lignification
 r - 5 potions of curing
 t - a potion of ambrosia
 v - 4 potions of heal wounds
 z - 2 potions of berserk rage
 A - a potion of might
 F - a potion of brilliance {unknown}


   Skills:
 + Level 9.9 Fighting
 + Level 9.9 Maces & Flails
 - Level 6.0 Spellcasting
 - Level 6.0 Fire Magic


You had 19 spell levels left.
You knew the following spells:

 Your Spells              Type           Power      Damage    Failure   Level
a - Scorch                Fire           56%        2d7       1%          2

Your spell library contained the following spells:

 Spells                   Type           Power      Damage    Failure   Level
 Passage of Golubria      Tloc           5%         N/A       73%         4
 Silence                  Hex/Air        2%         N/A       97%         5
 Lehudib's Crystal Spear  Conj/Erth      2%         10d2      100%        8


Dungeon Overview and Level Annotations

Branches:
Dungeon (9/15)             Temple (0/1) D:5
   Lair: D:8-11         Orc: D:9-12

Altars:
Hepliaklqana
Sif Muna
Uskayaw
Yredelemnul

Shops:
D:2 [   D:5 :   D:7 !

Portals:
Gauntlet: D:11


Innate Abilities, Weirdness & Mutations

Your serpentine skin is tough. (AC +3)
You have supernaturally acute eyesight. (SInv)
Armour fits poorly on your strangely shaped body.
Your system is resistant to poisons. (rPois)
You cover ground very slowly.
You can spit poison.
You have a snake-like lower body.


Message History

Confirm with . or Enter, or press ? or * to list all spells.
Flames lash the skeletal warrior.
The skeletal warrior is lightly damaged.
The skeletal warrior's fire resistance burns away.
A skeletal warrior comes into view. It is wielding a +0 war axe.
Unknown command.
You hit the skeletal warrior but do no damage.
The skeletal warrior hits you with a +1 war axe of flaming!
The skeletal warrior attacks as you move away!
The skeletal warrior hits you with a +1 war axe of flaming!
The skeletal warrior burns you.
The skeletal warrior is no longer more vulnerable to fire.
Found a gate leading to a gauntlet.
The skeletal warrior hits you with a +1 war axe of flaming!!
The skeletal warrior burns you.
The skeletal warrior attacks as you move away!
The skeletal warrior hits you with a +1 war axe of flaming.
You hear the beating of a drum.
The skeletal warrior attacks as you move away!
The skeletal warrior hits you with a +1 war axe of flaming.
You feel your willpower return.
The skeletal warrior hits you with a +1 war axe of flaming!
The skeletal warrior burns you.
The skeletal warrior is burned by your cloak of flames.
The skeletal warrior is lightly damaged.
The skeletal warrior hits you with a +1 war axe of flaming!!
* * * LOW HITPOINT WARNING * * *
The skeletal warrior burns you.
* * * LOW HITPOINT WARNING * * *
The skeletal warrior attacks as you move away!
The skeletal warrior hits you with a +1 war axe of flaming!
* * * LOW HITPOINT WARNING * * *
The skeletal warrior burns you.
* * * LOW HITPOINT WARNING * * *
Unknown command.
The skeletal warrior barely misses you.
There is a gate leading to a gauntlet here.
Beware, the minotaur awaits!
The skeletal warrior hits you with a +1 war axe of flaming!!
You die...

.........#,,*********,,******,,,,
.........#,,,,,,,,,,,,,,,,,,,,,,,
.........#,,,,,,,,,,,,,,,,,******
.........#,,,,,,,,,,********,,,,,
.........###,,,,,,,,*,,,,,,,,,,,,
...........#,,,,,,,,*,,,,,,******
####.......#+#,,,,,,*,,,,,^*
#,,#.........########...,,,*
#,,#...........z@.......,,,*
+,,#...........z........,,,******
#,,#..##+#..............,,,,,,,,,
,,,#..#,,#####..........,,,,,,,,,
,,,#..#,,,,,,#....######********,
,,,#..*,,,,,,#....#,,,,,,,,,,,,*,
,,,*,,*,<,,,,#....+,,,,,,,,,,,,*,
,,,*,,**,,,,,#....#,,,,,,,,,,,,*,
,,,*,,,*,,,,**,,,,*,,,,,,,,,,,,*,


You could see 2 skeletal warriors.

Vanquished Creatures
  A two-headed ogre (D:9)
  Pikel (D:5)
  A troll (D:9)
  A hornet (D:7)
  A slime creature (D:9)
  A wraith (D:9)
  A yak (D:9)
  A basilisk (D:9)
  A steam dragon (D:8)
  A water moccasin (D:6)
  An acid dragon (D:9)
  An ice beast (D:8)
  A sky beast (D:8)
  An orc warrior (D:9)
  2 black bears
  A centaur (D:9)
  4 ogres
  2 lemures (D:5)
  3 phantoms (D:5)
  2 bullfrogs
  A gnoll sergeant (D:7)
  3 scorpions
  10 wights (D:7)
  3 killer bees (D:9)
  5 howler monkeys
  3 electric eels
  5 hounds
  2 jellies
  3 orc priests
  6 orc wizards
  2 sleepcaps
  4 gnolls (D:7)
  4 adders
  3 white imps
  A worm (D:2)
  2 dart slugs (D:4)
  35 orcs
  10 ball pythons
  13 endoplasms
  5 giant cockroaches
  4 goblins
  8 hobgoblins
  12 jackals
  7 kobolds
  3 quokkas
  8 bats
  A frilled lizard (D:2)
  6 rats
197 creatures vanquished.

Vanquished Creatures (others)
  A howler monkey (D:8)
  An orc wizard (D:8)
2 creatures vanquished.

Grand Total: 199 creatures vanquished

Notes
Turn   | Place    | Note
-------+----------+-------------------------------------------
     0 | D:1      | BubbleThief the Naga Cinder Acolyte began the quest for the
                  | Orb.
     0 | D:1      | Reached XP level 1. HP: 21/21 MP: 2/2
   109 | D:1      | Reached XP level 2. HP: 20/28 MP: 4/4
   227 | D:1      | Learned a level 2 spell: Scorch
   251 | D:1      | Reached XP level 3. HP: 34/34 MP: 2/5
   918 | D:2      | Identified the +1 robe "Juruefuf" {rF+ Will+ Str+4}
   998 | D:2      | Found Konaeky's Antique Armour Shoppe.
  1383 | D:2      | Found a basalt altar of Yredelemnul.
  1536 | D:2      | Reached XP level 4. HP: 41/42 MP: 4/7
  2666 | D:4      | Noticed a black bear
  2699 | D:4      | Noticed an ogre
  2725 | D:4      | Noticed a scorpion
  2733 | D:3      | Killed a scorpion
  2734 | D:3      | Reached XP level 5. HP: 37/49 MP: 0/9
  2846 | D:4      | Killed a black bear
  2847 | D:4      | Reached skill level 5 in Fire Magic
  2847 | D:4      | Reached XP level 6. HP: 32/56 MP: 2/11
  3128 | D:4      | Reached XP level 7. HP: 59/62 MP: 8/13
  3590 | D:5      | Entered Level 5 of the Dungeon
  3873 | D:5      | Noticed Pikel
  3895 | D:5      | Reached skill level 5 in Spellcasting
  3900 | D:5      | Killed Pikel
  3901 | D:5      | Reached XP level 8. HP: 52/73 MP: 1/16
  4170 | D:5      | Reached skill level 5 in Maces & Flails
  4279 | D:5      | Reached skill level 5 in Fighting
  4546 | D:5      | Found Ublow's Book Emporium.
  4643 | D:5      | Found a staircase to the Ecumenical Temple.
  5017 | D:6      | Reached XP level 9. HP: 75/82 MP: 11/18
  5764 | D:7      | Noticed a hornet
  5771 | D:7      | Killed a hornet
  6296 | D:7      | Found a hide-covered altar of Uskayaw.
  6316 | D:7      | Found a hazy altar of Hepliaklqana.
  6788 | D:7      | Found Jekhluyro's Distillery.
  6915 | D:7      | Bought 2 potions of heal wounds for 150 gold pieces
  6915 | D:7      | Bought a potion of curing for 45 gold pieces
  7319 | D:8      | Reached XP level 10. HP: 45/98 MP: 1/19
  8170 | D:9      | Noticed a two-headed ogre
  8193 | D:9      | Killed a two-headed ogre
  8348 | D:9      | Found a shimmering blue altar of Sif Muna.
  8462 | D:9      | Identified the ring "Voitoiz" {rF+ Str+4 Int-2 SInv}
  8671 | D:9      | You fall into a shaft and drop 2 floors!
  8701 | D:11     | Noticed a skeletal warrior
  8706 | D:11     | Noticed a skeletal warrior
  8710 | D:11     | Found a gate leading to a gauntlet.
  8718 | D:11     | Mangled by a skeletal warrior

Illustrated notes

Levels and vault maps discovered:
D:1:      sevenhm_arrival_forest_fort_small_6, layout_rooms,
          nicolae_concentric_dashed_squares_mild, minmay_misc_feat_tiny,
          minmay_misc_feat_nine_boxes, hangedman_glass_teeth
D:2:      minmay_chambers_of_ones, layout_basic, basic_altar, serial_shops,
          nicolae_shop_peninsula
D:3:      layout_loops_ring
D:4:      layout_cave_pools
D:5:      layout_basic, minmay_temple_entry_overgrown, serial_shops, shop,
          serial_corexii_hall, corexii_hall_statues_u, corexii_hall_statues_i,
          corexii_hall_statues_x, chequers_hall_statues_wall_a,
          wad_rectangle_vault, uniq_pikel
D:6:      lemuel_ice_spiral_2, layout_basic, kennysheep_small_spiral
D:7:      layout_basic, mainiacjoe_overflow_swirl, serial_shops,
          nicolae_inconvenience_store
D:8:      layout_basic
D:9:      layout_grid_maze, minmay_ruined_shrine
D:11:     layout_irregular_city, gauntlet_entry_generic,
          kennysheep_okawaru_gauntlet, uniq_urug

Skill      XL: |  1  2  3  4  5  6  7  8  9 10 |
---------------+-------------------------------+-----
Spellcasting   | 2 3 4 5 6 |  6.0
Fire Magic     | 4 5 6 |  6.0
Fighting       | 4 5 8 9 |  9.9
Maces & Flails | 4 6 8 9 |  9.9

Action                     |  1- 3 |  4- 6 |  7- 9 | 10-12 || total
---------------------------+-------+-------+-------+-------++-------
  Melee: Mace              |    26 |     8 |    67 |    29 ||   130
         Dire flail        |       |       |       |    29 ||    29
         Punch             |       |       |       |     1 ||     1
  Throw: Dart              |       |     3 |     3 |       ||     6
   Cast: Scorch            |    23 |    39 |   152 |    35 ||   249
 Invoke: Fiery Armour      |     1 |       |     2 |     2 ||     5
Ability: Spit Poison       |    32 |    23 |    37 |    17 ||   109
    Use: Scroll            |       |       |     9 |    10 ||    19
 Armour: Robe              |    26 |    12 |    57 |    21 ||   116
  Dodge: Dodged            |    12 |    42 |   159 |    65 ||   278

Table legend: (Time is in decaauts)
 A = Elapsed time spent in this place.
 B = Non-inter-level travel time spent in this place.
 C = Inter-level travel time spent in this place.
 D = Time resting spent in this place.
 E = Time spent auto-exploring this place.
 F = Levels seen in this place.
 G = Mean time per level.
                   A        B        C        D        E       F      G
               +--------+--------+--------+--------+--------+-----+--------+
         Total |  10634 |  10189 |    445 |    381 |   8436 |  10 | 1063.4 |
       Dungeon |  10634 |  10189 |    445 |    381 |   8436 |  10 | 1063.4 |
               +--------+--------+--------+--------+--------+-----+--------+

Top non-repeatable levels by time:
     D:7: 1695 daAuts
     D:5: 1613 daAuts
     D:2: 1367 daAuts
     D:3: 1318 daAuts
     D:8: 1116 daAuts
     D:6: 1016 daAuts
     D:1: 993 daAuts
     D:4: 751 daAuts
     D:9: 701 daAuts
    D:11: 59 daAuts
